 Dungeon Crawl Stone Soup version 0.30-a0-859-gf88a04b62d (webtiles) character file.

Game seed: 1962676632294923481

149087 browni3141 the Imperceptible (level 18, -22/107 HPs)
             Began as a Kobold Artificer on Mar 5, 2023.
             Was an Initiate of Gozag.
             Annihilated by a juggernaut (56 damage)
             ... on level 2 of the Depths on Mar 6, 2023.
             The game lasted 01:21:17 (35749 turns).

browni3141 the Imperceptible (Kobold Artificer)    Turns: 35749, Time: 01:21:36

Health: -22/107    AC: 19    Str: 10    XL:     18   Next: 13%
Magic:  1/22       EV: 23    Int: 10    God:    Gozag
Gold:   3051       SH: 17    Dex: 28    Spells: 17/23 levels left

rFire   + . .      SeeInvis +    l - +9 quick blade (elec)
rCold   . . .      Faith    .    X - +2 kite shield {rPois}
rNeg    + + .      Spirit   .    q - +3 leather armour {rF+}
rPois   +          Reflect  .    D - +2 helmet {SInv}
rElec   .          Rampage  .    n - +0 cloak {rF+}
rCorr   +          Rage     50%  B - +2 pair of gloves {infuse}
Will    +++..                    i - +0 pair of boots
Stlth   ++++++++++               e - necklace of Bloodlust {Fury *Rage Will++ Int-3 Slay+6}
HPRegen 0.37/turn                U - ring "Ros Teco" {rF- rN++ rCorr Dex+6}
MPRegen 0.18/turn                S - +4 ring of protection

@: about to teleport, on berserk cooldown, slowed, very slow
A: small, no large weapons, nightstalker 3
a: Renounce Religion, Potion Petition, Call Merchant, Bribe Branch


You were on level 2 of the Depths.
You worshipped Gozag.
Gozag was most pleased with you.
You visited 5 branches of the dungeon, and saw 25 of its levels.
You visited 1 bazaar.
You also visited: Trove, Sewer, Gauntlet and Volcano.

You collected 9714 gold pieces.
You spent 3064 gold pieces at shops.
You paid 3599 gold pieces to Gozag.

Inventory:

Hand Weapons
 l - a +9 quick blade of electrocution (weapon)
Missiles
 h - 42 poisoned darts (quivered)
 x - a throwing net
Armour
 i - a +0 pair of boots (worn)
 n - a +0 cloak of fire resistance (worn)
 q - a +3 leather armour of fire resistance (worn)
 B - a +2 pair of gloves of infusion (worn)
 D - a +2 helmet of see invisible (worn)
 X - a +2 kite shield of poison resistance (worn)
Jewellery
 e - the necklace of Bloodlust (around neck) {Fury *Rage Will++ Int-3 Slay+6}
   (You bought it in a shop on level 2 of the Orcish Mines)

   [amulet of nothing]

   Fury:      It extends the wearer's berserk rage when killing foes.
   Int:       It affects your intelligence (-3).
   Slay:      It affects your accuracy & damage with ranged weapons and melee
   (+6).
   *Rage:     It berserks you when you make melee attacks (+50% chance).
   Will:      It greatly increases your willpower.
 g - a ring of ice
 j - an amulet of regeneration
 F - a ring of fire
 S - a +4 ring of protection (right hand)
 U - the ring "Ros Teco" (left hand) {rF- rN++ rCorr Dex+6}
   (You bought it in a shop on level 2 of the Orcish Mines)

   [ring of dexterity]

   Dex:       It affects your dexterity (+6).
   rF:        It makes you vulnerable to fire.
   rN:        It greatly protects you from negative energy.
   rCorr:     It protects you from acid and corrosion.
Wands
 t - a wand of charming (8)
 v - a wand of digging (13)
 w - a wand of light (16)
 y - a wand of polymorph (4)
 G - a wand of roots (18)
 P - a wand of flame (15)
 V - a wand of mindburst (14)
Scrolls
 a - 3 scrolls of silence
 d - 6 scrolls of magic mapping
 f - 4 scrolls of immolation
 m - 2 scrolls of blinking
 o - 8 scrolls of fog
 p - 5 scrolls of enchant armour
 r - 14 scrolls of teleportation
 H - a scroll of brand weapon
 I - a scroll of butterflies
 L - a scroll of enchant weapon
 N - 5 scrolls of fear
 O - 4 scrolls of poison
 Y - a scroll of acquirement
Potions
 c - 5 potions of cancellation
 k - 2 potions of invisibility
 s - 6 potions of haste
 u - 7 potions of mutation
 z - 14 potions of curing
 A - 3 potions of berserk rage
 C - 14 potions of flight
 E - a potion of ambrosia
 J - 3 potions of lignification
 K - 7 potions of brilliance
 M - a potion of attraction
 Q - 5 potions of might
 R - 4 potions of magic
 T - 5 potions of heal wounds
 W - 2 potions of resistance
Miscellaneous
 b - a condenser vane
 Z - a phial of floods


   Skills:
 * Level 10.0 Fighting
 - Level 8.0 Short Blades
 - Level 10.0 Maces & Flails
 - Level 2.0 Throwing
 - Level 6.0 Armour
 * Level 10.0 Dodging
 - Level 23.0 Stealth
 * Level 12.0 Shields
 - Level 3.0 Spellcasting
 - Level 8.0 Translocations
 - Level 3.0 Air Magic
 - Level 12.0 Evocations


You had 17 spell levels left.
You knew the following spells:

 Your Spells              Type           Power      Damage    Failure   Level
a - Apportation           Tloc           34%        N/A       3%          1
b - Blink                 Tloc           34%        N/A       6%          2
c - Vhi's Electric Charg  Tloc/Air       24%        N/A       32%         3

Your spell library contained the following spells:

 Spells                   Type           Power      Damage    Failure   Level
 Lesser Beckoning         Tloc           34%        N/A       6%          2
 Gell's Gravitas          Tloc           17%        N/A       12%         3
 Teleport Other           Tloc           17%        N/A       12%         3
 Momentum Strike          Conj/Tloc      18%        3d8       30%         2
 Manifold Assault         Tloc           17%        N/A       36%         4
 Swiftness                Air            7%         N/A       65%         3
 Kiss of Death            Conj/Necr      4%         2d5       71%         1
 Magic Dart               Conj           4%         1d3       71%         1
 Necrotise                Necr           4%         1d4       71%         1
 Summon Small Mammal      Summ           4%         N/A       71%         1
 Call Imp                 Summ           1%         N/A       83%         2
 Ensorcelled Hibernation  Hex/Ice        2%         N/A       83%         2
 Passwall                 Tmut/Erth      0%         N/A       83%         2
 Iskenderun's Mystic Bla  Conj/Tloc      9%         2d4       89%         4
 Mephitic Cloud           Conj/Pois/Air  3%         N/A       90%         3
 Airstrike                Air            3%         2d(1-17)  96%         4
 Call Canine Familiar     Summ           1%         N/A       97%         3
 Confusing Touch          Hex            1%         N/A       97%         3
 Ignite Poison            Fire/Tmut/Pois 1%         N/A       97%         3
 Inner Flame              Hex/Fire       1%         N/A       97%         3
 Ozocubu's Armour         Ice            1%         N/A       97%         3
 Summon Guardian Golem    Hex/Summ       1%         N/A       97%         3
 Tukima's Dance           Hex            1%         N/A       97%         3
 Vampiric Draining        Necr           1%         2d6       97%         3
 Summon Lightning Spire   Summ/Air       4%         N/A       99%         4
 Dispersal                Tloc           8%         N/A       99%         6
 Dispel Undead            Necr           1%         3d6       100%        4
 Flame Wave               Conj/Fire      1%         2d4       100%        4
 Petrify                  Tmut/Erth      1%         N/A       100%        4
 Sticky Flame             Conj/Fire      1%         2d3       100%        4
 Alistair's Intoxication  Tmut/Pois      0%         N/A       100%        5
 Arcjolt                  Conj/Air       2%         1d12      100%        5
 Borgnjor's Vile Clutch   Necr/Erth      0%         N/A       100%        5
 Fireball                 Conj/Fire      0%         3d3       100%        5
 Iskenderun's Battlesphe  Conj           1%         2d6       100%        5
 Lightning Bolt           Conj/Air       2%         1d13      100%        5
 Metabolic Englaciation   Hex/Ice        0%         N/A       100%        5
 Yara's Violent Unravell  Hex/Tmut       0%         3d3       100%        5
 Conjure Ball Lightning   Conj/Air       2%         3x3d6     100%        6
 Eringya's Noxious Bog    Tmut/Pois      0%         N/A       100%        6
 Enfeeble                 Hex            0%         N/A       100%        7
 Orb of Destruction       Conj           0%         9d5       100%        7
 Spellforged Servitor     Conj/Summ      0%         N/A       100%        7
 Storm Form               Tmut/Air       2%         N/A       100%        7
 Ignition                 Fire           0%         3d3       100%        8
 Lehudib's Crystal Spear  Conj/Erth      0%         10d2      100%        8
 Maxwell's Capacitive Co  Air            3%         ∞         100%        8
 Simulacrum               Ice/Necr       Unusable   N/A       N/A         6

Dungeon Overview and Level Annotations

Branches:
Dungeon (15/15)            Temple (1/1) D:7            Lair (5/5) D:11
  Swamp (0/4) Lair:2       Spider (0/4) Lair:2        Slime (0/5) Lair:5
    Orc (2/2) D:9             Elf (0/3) Orc:2        Vaults (0/5) D:14
 Depths (2/4) D:15          Sewer (visited)         Volcano (visited)
Gauntlet (visited)

Altars:
Ashenzari
Cheibriados
Dithmenos
Elyvilon
Fedhas
Gozag
Hepliaklqana
Kikubaaqudgha
Makhleb
Nemelex Xobeh
Okawaru
Qazlal
Ru
Sif Muna
Trog
Uskayaw
Vehumet
Wu Jian
Xom
Yredelemnul
Zin
The Shining One

Shops:
Orc:2 =?!==

Portals:
Hell: Depths:1 Depths:2
Abyss: Lair:3 Depths:2
Pandemonium: Depths:2
Ziggurat: Depths:1


Innate Abilities, Weirdness & Mutations

You are small and have problems with some larger weapons.
You are completely attuned to the shadows.


Message History

The fire dragon is moderately wounded.
You puncture the fire dragon!
The fire dragon is heavily wounded.
You puncture the fire dragon!
The fire dragon is heavily wounded.
You block the fire dragon's attack. The fire dragon completely misses you.
The fire dragon barely misses you.
You impale the fire dragon!!
Lightning courses through the fire dragon!!
The fire dragon is almost dead.
A juggernaut comes into view.
You barely miss the fire dragon.
The fire dragon is almost dead.
You puncture the fire dragon!
You kill the fire dragon!
The juggernaut is distracted by your dazzling golden aura.
Training target 8.0 for Translocations reached!
Your Translocations skill increases to level 8!
You need to enable at least one skill for training.
Unknown command.
You are no longer berserk.
You are exhausted.
You feel yourself slow down.
You see here 36 gold pieces.
Unknown command.
Unknown command.
Unknown command.
Okay, then.
The jumping spider is no longer distracted by gold.
The juggernaut is no longer distracted by gold.
The ettin is no longer distracted by gold.
You block the jumping spider's attack. The jumping spider barely misses you.
Unknown command.
As you read the scroll of teleportation, it crumbles to dust.
You feel strangely unstable.
The jumping spider pounces on you but does no damage.
The jumping spider barely misses you. The juggernaut hits you!!!
Ouch! That really hurt!
You die...
Your body crumbles into a pile of gold.

...# #.......
######..... ...##.#
#........ #.....
...##.# #.........#
#.....
...##.####.........#
#.....
>..##.##.+.........#
#.....
...#.....#.........#
#.....
...'<..............#
#.....
...#..~~~~.~~~~~$..#
#.....
#+##..~≈≈~.~~≈≈~@+##
####'#
#..~≈≈~.≈≈≈≈C$C###
###
..~≈≈~.~~~~$.s..#
....$..##. .~~≈~..#
.~~≈≈..# .~≈≈~..#


You could see a juggernaut, an ettin and a jumping spider.

Vanquished Creatures
  Josephina (Depths:2)
  A caustic shrike (Depths:1)
  A golden dragon (Depths:1)
  Jorgrun (D:15)
  Rupert (D:12)
  A lich (Depths:2)
  A titan (Depths:1)
  A sphinx (Depths:1)
  A shadow dragon (Depths:1)
  3 fire giants
  A frost giant (shapeshifter) (Depths:2)
  3 frost giants
  A cacodemon (Depths:2)
  2 stone giants
  2 very ugly things
  A dire elephant (D:15)
  A minotaur (Gauntlet)
  6 vampire knights
  11 fire dragons
  An ettin (Depths:1)
  An entropy weaver (shapeshifter) (D:15)
  A salamander tyrant (Depths:2)
  A vault guard (D:15)
  A rakshasa (Lair:3)
  8 hydras
  The ghost of Gymmif the Carver, a journeyman DsGl of Qazlal (Lair:3)
  An ice dragon (D:14)
  A catoblepas (Lair:2)
  4 centaur warriors
  3 boulder beetles
  9 two-headed ogres
  3 deep troll shamans
  4 deep troll earth magi (Depths:2)
  2 thrashing horrors (Gauntlet)
  A hell hog (Lair:3)
  5 tengu warriors
  6 orc high priests
  2 skysharks
  7 skeletal warriors
  Amaemon (Lair:3)
  Sonja (D:12)
  A fire crab (Lair:5)
  A fire crab (shapeshifter) (D:15)
  2 iron trolls
  7 deep trolls
  2 flayed ghosts (Depths:1)
  An orb spider (Lair:2)
  4 glowing orange brains
  Pikel (D:4)
  10 orc knights
  A necromancer (Depths:1)
  7 ugly things
  6 orc sorcerers
  2 oklob plants (Lair:2)
  A wolf spider (D:15)
  A wolf spider (shapeshifter) (Depths:1)
  6 cyclopes
  5 deep elf pyromancers
  6 manticores
  4 salamanders
  6 elephants (Lair:5)
  4 black mambas
  Joseph (D:10)
  An eye of devastation (Gauntlet)
  3 gargoyles (Volcano)
  3 molten gargoyles (Lair:5)
  An orange demon (Lair:3)
  A torpor snail (Lair:4)
  A rime drake (Lair:3)
  4 cane toads
  13 komodo dragons
  A kobold demonologist (D:11)
  2 efreet
  A freezing wraith (D:14)
  A komodo dragon (shapeshifter) (D:15)
  A tengu conjurer (D:14)
  An ice devil (Depths:2)
  3 meliai (D:14)
  A red devil (Depths:2)
  A polar bear (shapeshifter) (D:9)
  An ancient zyme (Lair:3)
  6 trolls
  A hornet (D:9)
  4 polar bears (Lair:5)
  Grinder (D:5)
  A hellwing (Depths:2)
  A tyrant leech (Lair:2)
  Prince Ribbit (D:6)
  2 harpy skeletons (Volcano)
  A frost giant simulacrum (Depths:2)
  6 blink frogs
  4 dream sheep (Lair:4)
  A fire giant simulacrum (Depths:2)
  A stone giant simulacrum (Depths:2)
  8 slime creatures
  3 flying skulls (Volcano)
  4 water elementals
  A spriggan (Lair:3)
  A shadow (D:13)
  Sigmund (D:3)
  51 yaks
  A spriggan (shapeshifter) (D:9)
  A chaos spawn (Depths:2)
  2 wraiths
  9 wyverns
  A golden eye (Gauntlet)
  7 basilisks
  5 vampire mosquitoes
  3 swamp worms (Lair:2)
  3 small abominations (Gauntlet)
  9 wargs
  5 water moccasins
  2 floating eyes
  5 hell hounds (Lair:5)
  A meliai simulacrum (D:14)
  4 black bears
  34 orc warriors
  5 ogres
  2 ice beasts
  14 wolves
  9 centaurs
  A phantom (D:4)
  3 kobold brigands
  15 bullfrogs
  2 gnoll sergeants
  A scorpion (D:5)
  11 wights
  10 killer bees
  A troll skeleton (Volcano)
  3 howler monkeys
  12 electric eels
  A spriggan skeleton (Volcano)
  3 lava snakes (Lair:5)
  A hound (D:6)
  14 jellies
  14 orc priests
  3 gnoll boudas
  An iguana (D:6)
  4 sleepcaps
  Natasha (thrice) (D:4)
  24 orc wizards
  A naga skeleton (Volcano)
  A mummy (D:8)
  Robin (D:3)
  16 gnolls
  15 adders
  4 river rats (Sewer)
  4 shadow imps
  A white imp (D:6)
  A howler monkey simulacrum (D:9)
  An ufetubus (D:6)
  A worm (D:4)
  2 dart slugs
  58 orcs
  6 ball pythons
  14 bats
  22 endoplasms
  6 giant cockroaches
  16 goblins
  13 hobgoblins
  8 jackals
  17 kobolds
  A quokka (D:2)
  4 frilled lizards
  2 kobold zombies (D:8)
  2 orc zombies (D:8)
  4 rats
  A fungus (Lair:2)
793 creatures vanquished.

Vanquished Creatures (collateral kills)
  2 yaks (D:10)
  A warg (Orc:2)
  An orc priest (Orc:2)
  An iguana (D:5)
5 creatures vanquished.

Vanquished Creatures (others)
  An ugly thing (D:9)
  A troll (Orc:2)
  A tengu simulacrum (Depths:2)
  An orc wizard (Orc:2)
  An adder (D:2)
  A river rat (Sewer)
  A hobgoblin (D:3)
  27 fungi
  47 plants
  13 toadstools (Lair:2)
94 creatures vanquished.

Grand Total: 892 creatures vanquished

Notes
Turn   | Place    | Note
-------+----------+-------------------------------------------
     0 | D:1      | browni3141 the Kobold Artificer began the quest for the
                  | Orb.
     0 | D:1      | Reached XP level 1. HP: 12/12 MP: 1/1
   306 | D:1      | Reached XP level 2. HP: 13/16 MP: 2/2
   314 | D:1      | Reached skill level 1 in Armour
   555 | D:1      | Reached skill level 2 in Stealth
   873 | D:2      | Reached XP level 3. HP: 20/20 MP: 3/3
  1125 | D:2      | Reached XP level 4. HP: 22/26 MP: 4/4
  1285 | D:2      | Found a radiant altar of Vehumet.
  1420 | D:2      | Reached skill level 1 in Short Blades
  1828 | D:3      | Noticed Robin
  1882 | D:3      | Killed Robin
  1883 | D:3      | Reached XP level 5. HP: 29/30 MP: 5/5
  1884 | D:3      | Reached skill level 3 in Stealth
  2057 | D:3      | Noticed Sigmund
  2066 | D:3      | Killed Sigmund
  2067 | D:3      | Reached XP level 6. HP: 26/35 MP: 6/6
  2112 | D:3      | Found an opulent altar of Gozag.
  2167 | D:3      | Found a faded altar of an unknown god.
  2311 | D:3      | Became a worshipper of Gozag Ym Sagoz the Greedy
  2843 | D:4      | Noticed Natasha
  2847 | D:4      | Killed Natasha
  2857 | D:4      | Noticed an ogre
  2864 | D:4      | Killed an ogre
  2865 | D:4      | Reached skill level 4 in Stealth
  2865 | D:4      | Reached skill level 5 in Evocations
  2865 | D:4      | Reached XP level 7. HP: 26/40 MP: 7/7
  2900 | D:4      | Found a radiant altar of Vehumet.
  3050 | D:4      | Reached skill level 5 in Stealth
  3059 | D:4      | Noticed Natasha
  3075 | D:4      | Killed Natasha
  3130 | D:4      | Found a glowing drain.
  3136 | Sewer    | Entered a sewer
  3269 | Sewer    | Reached skill level 6 in Stealth
  3979 | D:4      | Noticed Natasha
  3989 | D:4      | Killed Natasha
  4022 | D:4      | Noticed Pikel
  4036 | D:4      | Killed Pikel
  4037 | D:4      | Reached skill level 5 in Dodging
  4037 | D:4      | Reached XP level 8. HP: 36/48 MP: 8/8
  4374 | D:4      | Found a shadowy altar of Dithmenos.
  4412 | D:4      | Found a sacrificial altar of Ru.
  4525 | D:5      | Entered Level 5 of the Dungeon
  4724 | D:5      | Reached skill level 7 in Stealth
  4793 | D:5      | Found an iron altar of Okawaru.
  4800 | D:5      | Noticed Grinder
  4817 | D:5      | Killed Grinder
  4818 | D:5      | Reached skill level 8 in Stealth
  4818 | D:5      | Reached XP level 9. HP: 38/52 MP: 6/9
  4981 | D:5      | Identified the +1 spear of the Pyrrhic Victory {vamp,
                  | Fragile rElec rN+ Str+8}
  5853 | D:6      | Noticed Prince Ribbit
  5855 | D:6      | Killed Prince Ribbit
  5881 | D:6      | Reached skill level 5 in Short Blades
  7006 | D:6      | Noticed a komodo dragon
  7017 | D:6      | Killed a komodo dragon
  7018 | D:6      | Reached XP level 10. HP: 24/58 MP: 10/10
  7501 | D:6      | Found a hazy altar of Hepliaklqana.
  7606 | D:7      | Reached skill level 5 in Fighting
  7606 | D:7      | Reached skill level 9 in Stealth
  7853 | D:7      | Found a staircase to the Ecumenical Temple.
  8152 | D:7      | Noticed a two-headed ogre
  8155 | D:7      | Killed a two-headed ogre
  8217 | Temple   | Entered the Ecumenical Temple
  8591 | D:7      | Reached skill level 10 in Stealth
  8596 | D:7      | Reached skill level 1 in Throwing
  8716 | D:8      | Identified a scroll of acquirement
  8723 | D:8      | Acquired a +3 quick blade of electrocution
  9007 | D:8      | Noticed a two-headed ogre
  9012 | D:8      | Killed a two-headed ogre
  9689 | D:8      | Found an ancient bone altar of Kikubaaqudgha.
  9865 | D:8      | Reached XP level 11. HP: 64/66 MP: 11/11
 10405 | D:9      | Noticed a centaur warrior
 10405 | D:9      | Noticed a two-headed ogre
 10484 | D:9      | Reached skill level 11 in Stealth
 10627 | D:9      | Reached skill level 5 in Armour
 10761 | D:9      | Found a staircase to the Orcish Mines.
 10825 | D:9      | Noticed a deep elf pyromancer
 10841 | D:9      | Killed a deep elf pyromancer
 10925 | D:9      | Noticed a deep elf pyromancer
 10935 | D:9      | Killed a deep elf pyromancer
 11019 | D:9      | Noticed a purple ugly thing
 11020 | D:9      | Noticed a red ugly thing
 11039 | D:9      | Killed a red ugly thing
 11040 | D:9      | Reached skill level 12 in Stealth
 11069 | D:9      | Killed a two-headed ogre
 11070 | D:9      | Reached skill level 10 in Dodging
 11093 | D:9      | Noticed a centaur warrior
 11107 | D:9      | Killed a centaur warrior
 11135 | D:9      | Reached skill level 13 in Stealth
 11169 | D:9      | Reached XP level 12. HP: 42/73 MP: 12/12
 11468 | D:9      | Found a snail-covered altar of Cheibriados.
 11515 | D:9      | Killed a centaur warrior
 11516 | D:9      | Reached skill level 14 in Stealth
 11855 | D:10     | Entered Level 10 of the Dungeon
 11989 | D:10     | Noticed Joseph
 12031 | D:10     | Reached skill level 1 in Shields
 12033 | D:10     | Killed Joseph
 12347 | D:10     | Found a broken altar of Ashenzari.
 12420 | D:10     | Noticed a two-headed ogre
 12427 | D:10     | Killed a two-headed ogre
 12550 | D:10     | Found a glowing silver altar of Zin.
 12768 | D:11     | Noticed a centaur warrior
 12772 | D:11     | Killed a centaur warrior
 12773 | D:11     | Reached skill level 15 in Stealth
 13067 | D:11     | You fall into a shaft and drop 2 floors!
 13167 | D:13     | Noticed a six-headed hydra
 13204 | D:12     | Noticed a two-headed ogre
 13208 | D:12     | Killed a two-headed ogre
 13546 | D:12     | Noticed a boulder beetle
 13550 | D:12     | Killed a boulder beetle
 13551 | D:12     | Reached skill level 16 in Stealth
 13653 | D:12     | Noticed a two-headed ogre
 13656 | D:12     | Killed a two-headed ogre
 13667 | D:12     | Reached skill level 5 in Shields
 13673 | D:12     | Reached XP level 13. HP: 68/78 MP: 13/13
 13727 | D:12     | Noticed Sonja
 13736 | D:12     | Killed Sonja
 13737 | D:12     | Reached skill level 17 in Stealth
 14014 | D:12     | Noticed Rupert
 14021 | D:12     | Killed Rupert
 14031 | D:12     | Identified the +0 falchion "Gopuoq" {vamp, +Blink rPois
                  | rCorr}
 14283 | D:11     | Reached skill level 18 in Stealth
 14351 | D:11     | Found a staircase to the Lair.
 14995 | D:13     | Killed a six-headed hydra
 14996 | D:13     | Reached skill level 19 in Stealth
 15311 | D:13     | Reached skill level 20 in Stealth
 16070 | D:14     | Reached skill level 21 in Stealth
 16322 | D:14     | Found a gate leading to a gauntlet.
 16334 | Gauntlet | Entered a Gauntlet
 16334 | Gauntlet | Found a transporter.
 16345 | Gauntlet | Found a transporter.
 16375 | Gauntlet | Found a transporter.
 16386 | Gauntlet | Found a transporter.
 16406 | Gauntlet | Found a runed translucent door.
 16429 | Gauntlet | Found a transporter.
 16599 | Gauntlet | Found a transporter.
 16630 | Gauntlet | Found a transporter.
 16662 | Gauntlet | Found a transporter.
 16700 | Gauntlet | Found a transporter.
 16722 | Gauntlet | Found a transporter.
 16742 | Gauntlet | Found a transporter.
 16887 | Gauntlet | Found a transporter.
 16913 | Gauntlet | Reached XP level 14. HP: 84/84 MP: 5/14
 17062 | Gauntlet | Got the Lessons on Blinking Exhumation
 17085 | Gauntlet | Noticed a minotaur
 17090 | Gauntlet | Killed a minotaur
 17091 | Gauntlet | Reached skill level 22 in Stealth
 17124 | Gauntlet | Got the Monograph on the Fateful Fjord
 17406 | D:14     | Found a shimmering blue altar of Sif Muna.
 18207 | D:14     | Reached skill level 23 in Stealth
 18266 | D:14     | Found a gate to the Vaults.
 18500 | Orc:1    | Entered Level 1 of the Orcish Mines
 18958 | Orc:2    | Entered Level 2 of the Orcish Mines
 19082 | Orc:2    | Found Equr's Jewellery Emporium.
 19207 | Orc:2    | Found a dark tunnel.
 19216 | Volcano  | Entered a volcano
 19942 | Orc:2    | Found a staircase to the Elven Halls.
 20773 | Orc:2    | Reached XP level 15. HP: 49/88 MP: 0/15
 20924 | Orc:2    | Found Mojocel's Jewellery Emporium.
 20927 | Orc:2    | Found Runy's Distillery.
 20935 | Orc:2    | Found Afihat's Magic Scroll Shop.
 20937 | Orc:2    | Found Esuux's Jewellery Emporium.
 21255 | Orc:1    | Reached skill level 10 in Shields
 21595 | Orc:1    | Upgraded the game from 0.30-a0-857-gcaf70739d4 to
                  | 0.30-a0-859-gf88a04b62d
 21673 | Orc:2    | Bought a scroll of fog for 48 gold pieces
 21673 | Orc:2    | Bought a scroll of identify for 24 gold pieces
 21673 | Orc:2    | Bought a scroll of identify for 24 gold pieces
 21673 | Orc:2    | Bought a scroll of identify for 24 gold pieces
 21673 | Orc:2    | Bought a scroll of identify for 24 gold pieces
 21673 | Orc:2    | Bought a scroll of identify for 24 gold pieces
 21673 | Orc:2    | Bought a scroll of immolation for 48 gold pieces
 21673 | Orc:2    | Bought a scroll of immolation for 48 gold pieces
 21681 | Orc:2    | Bought the necklace of Bloodlust {Fury *Rage Will++ Int-3
                  | Slay+6} for 498 gold pieces
 21681 | Orc:2    | Found the necklace of Bloodlust {Fury *Rage Will++ Int-3
                  | Slay+6}
 21701 | Orc:2    | Bought a potion of mutation for 128 gold pieces
 21701 | Orc:2    | Bought a potion of heal wounds for 80 gold pieces
 21701 | Orc:2    | Bought a potion of might for 64 gold pieces
 21701 | Orc:2    | Bought 2 potions of heal wounds for 160 gold pieces
 21701 | Orc:2    | Bought a potion of flight for 48 gold pieces
 21701 | Orc:2    | Bought a potion of cancellation for 128 gold pieces
 21703 | Orc:2    | Bought the ring "Ros Teco" {rF- rN++ rCorr Dex+6} for 625
                  | gold pieces
 21929 | Lair:1   | Entered Level 1 of the Lair of Beasts
 22058 | Lair:1   | Found a broken altar of Ashenzari.
 23593 | Lair:2   | Learned a level 1 spell: Apportation
 23596 | Lair:2   | Learned a level 2 spell: Blink
 23640 | Lair:2   | Found a blossoming altar of Fedhas.
 23733 | Lair:2   | Found a snail-covered altar of Cheibriados.
 24030 | Lair:2   | Reached skill level 1 in Translocations
 24034 | Lair:2   | Reached skill level 1 in Spellcasting
 24203 | Lair:2   | Found a hole to the Spider Nest.
 24491 | Lair:2   | Found a staircase to the Swamp.
 25269 | Lair:3   | Noticed Amaemon
 25291 | Lair:3   | Killed Amaemon
 25875 | Lair:3   | Found a transporter.
 26309 | Lair:3   | Found a transporter.
 26811 | Lair:4   | Reached XP level 16. HP: 93/93 MP: 17/19
 27556 | Lair:5   | Entered Level 5 of the Lair of Beasts
 28029 | Lair:5   | Reached skill level 5 in Translocations
 28376 | Lair:5   | Found a runed translucent door.
 28379 | Lair:5   | Found a staircase to the Slime Pits.
 28817 | Lair:5   | Found a large runed translucent door.
 29023 | Lair:5   | Found a large runed translucent door.
 29729 | Lair:3   | Found a one-way gate to the infinite horrors of the Abyss.
 29729 | Lair:3   | Noticed Gymmif's ghost (journeyman DsGl)
 29730 | Lair:3   | Killed Gymmif's ghost
 30377 | D:15     | Entered Level 15 of the Dungeon
 30411 | D:15     | Reached skill level 10 in Evocations
 30598 | D:15     | Reached skill level 10 in Fighting
 30743 | D:15     | Noticed Jorgrun
 30747 | D:15     | Killed Jorgrun
 31201 | D:15     | Found a portal to a secret trove of treasure.
 31600 | D:15     | Found a staircase to the Depths.
 32341 | D:15     | You paid a toll of +3 fire dragon scales to enter a
                  | treasure trove
 32342 | Trove    | Entered a treasure trove
 32419 | Depths:1 | Entered Level 1 of the Depths
 32419 | Depths:1 | Noticed a frost giant
 32426 | Depths:1 | Killed a frost giant
 32428 | Depths:1 | Reached skill level 1 in Maces & Flails
 32448 | Depths:1 | Noticed a titan
 32449 | Depths:1 | Noticed a shadow dragon
 32470 | Depths:1 | Killed a titan
 32471 | Depths:1 | Reached XP level 17. HP: 57/102 MP: 21/21
 32473 | Depths:1 | Noticed a sphinx
 32489 | Depths:1 | Killed a sphinx
 32511 | Depths:1 | Reached skill level 5 in Maces & Flails
 32536 | Depths:1 | Noticed a golden dragon
 32543 | Depths:1 | Killed a shadow dragon
 32544 | Depths:1 | Killed a golden dragon
 32545 | Depths:1 | Noticed a caustic shrike
 32548 | Depths:1 | Killed a caustic shrike
 33265 | Depths:1 | Found an ancient bone altar of Kikubaaqudgha.
 33614 | Depths:1 | Found a one-way gateway to a ziggurat.
 33987 | Depths:1 | Found a gateway to Hell.
 34155 | Depths:2 | Found a one-way gate leading to the halls of Pandemonium.
 34276 | Depths:2 | Found a flickering gateway to a bazaar.
 34301 | Bazaar   | Entered a bazaar
 34318 | Bazaar   | Found Umifege's Book Shoppe.
 34332 | Bazaar   | Found Segidud's General Store.
 34337 | Bazaar   | Bought a scroll of silence for 76 gold pieces
 34351 | Bazaar   | Found Voasyef's Antique Armour Emporium.
 34359 | Bazaar   | Found Sadwip's Magic Scroll Emporium.
 34364 | Bazaar   | Bought a scroll of magic mapping for 97 gold pieces
 34364 | Bazaar   | Bought a scroll of immolation for 52 gold pieces
 34364 | Bazaar   | Bought a scroll of blinking for 97 gold pieces
 34364 | Bazaar   | Bought a scroll of fog for 52 gold pieces
 34364 | Bazaar   | Bought a scroll of enchant armour for 97 gold pieces
 34419 | Bazaar   | Found Isoproth's Antique Weapon Shoppe.
 34459 | Bazaar   | Bought a pitted scale mail for 180 gold pieces
 34459 | Bazaar   | Identified the +0 scale mail of the Lair of Beasts {rN+}
                  | (You bought it in a shop in a bazaar)
 34481 | Bazaar   | Bought Maxwell's Memoranda for 418 gold pieces
 34485 | Bazaar   | Learned a level 3 spell: Vhi's Electric Charge
 34611 | Depths:2 | Identified the ring of Monotheism {Ice *Corrode Str+3 Int+8
                  | Stlth-}
 34611 | Depths:2 | Noticed Josephina
 34629 | Depths:2 | Noticed a lich
 34633 | Depths:2 | Killed Josephina
 34634 | Depths:2 | Reached skill level 1 in Air Magic
 34648 | Depths:2 | Noticed a lich
 35314 | Depths:2 | Killed a lich
 35348 | Depths:2 | Reached XP level 18. HP: 107/107 MP: 17/22
 35735 | Depths:2 | Reached skill level 10 in Maces & Flails
 35744 | Depths:2 | Noticed a juggernaut
 35749 | Depths:2 | Annihilated by a juggernaut

Illustrated notes

Levels and vault maps discovered:
D:1:      wander_arrival_chamber, layout_basic, chequers_serial_rivers_room_b
D:2:      layout_loops_ring, basic_altar
D:3:      wad_crossroads, layout_basic, mainiacjoe_overflow_boulevard,
          serial_corexii_hall, corexii_hall_statues_i, corexii_hall_statues_t,
          hellmonk_ecumenical_altar_lost_god, uniq_sigmund, uniq_robin
D:4:      layout_loops_ring, kennysheep_little_box, fiery_altar_vehumet,
          lemuel_tele_altar, portal_sewer_entry_d, uniq_pikel, uniq_natasha
D:5:      layout_basic, okawaru_ov_weapons_minmay, uniq_grinder
D:6:      cheibrodos_two_vegetables, layout_loops_ring,
          nzn_hepliaklqana_mist_gate, uniq_prince_ribbit1
D:7:      layout_rooms, minmay_temple_entry_sparse_star
D:8:      layout_layer_cave, nicolae_kikubaaqudgha_miasma_corner,
          chequers_arboretum, minmay_mini_ossuary
D:9:      minmay_the_grid_four_pointed_star_mashed
          [minmay_the_grid_triangle_9x9_flanged_cone,
          minmay_the_grid_triangle_9x9_negative_grid,
          minmay_the_grid_triangle_9x9_corrupted_corridor,
          minmay_the_grid_triangle_9x9_wacky_v,
          minmay_the_grid_prize_four_corners], layout_irregular_city,
          cheibriados_altar_1, minmay_orc_entry_guard_dogs
D:10:     layout_cave_pools, mainiacjoe_overflow_tiny_flanked, zin_scriptorium,
          uniq_joseph
D:11:     layout_basic, lair_entry_dummy
D:12:     layout_roguey, uniq_rupert, uniq_sonja
D:13:     layout_loops_ring
D:14:     layout_loops_corners, david_vaults_4, lemuel_blue_sif_altar,
          gauntlet_entry_generic, minivault_11
D:15:     hangedman_depths_entry_try_elsewhere_first, layout_basic,
          enter_trove_5, dk_noncrumbling_3, uniq_jorgrun
Temple:   minmay_temple_bridge_abc
Lair:1:   layout_layer_cave, basic_altar
Lair:2:   lemuel_slime, layout_long_grid, palyth_hydra_swamp_entry,
          nicolae_spider_entry_orb_guardian, basic_altar, tgw_fedhas
Lair:3:   layout_misc_corridors, gammafunk_ghost_abyssal_escape,
          beast_lair_carwin_3, uniq_amaemon
Lair:4:   layout_loops_ring, grunt_megastairs_5, serial_bayou_shore_b
Lair:5:   cheibrodos_lair_end_hotspot, layout_loops_ring, slime_entry_2,
          cheibrodos_lair_lostbears
Orc:1:    layout_caves, special_room [special_room_orc], minmay_orc_keep
Orc:2:    st_orc_elflike, layout_diamond_mine, lightli_volcano_entry_magma_tube,
          minmay_shop_enchanted_jewellery, hellmonk_guarded_unrand_dark_maul
Depths:1: layout_gridlike, enter_ziggurat_c, old_standard_altar,
          grunt_hell_entry_dis_mu, evilmike_ambush [evilmike_ambush_outer_basic,
          evilmike_ambush_inner_basic]
Depths:2: minmay_tearing_corner, layout_gridlike, abyss_entry, serial_shops,
          bzr_entry_road, rand_demon_pan_entry_3, hell_entry, minivault_14,
          kennysheep_random_hallway, uniq_josephina, uniq_vv

Skill      XL: |  1  2  3  4  5  6  7  8  9 10 11 12 13 14 15 16 17 18 |
---------------+-------------------------------------------------------+-----
Armour         | 1 2 4 6 |  6.0
Stealth        | 2 3 4 6 8 10 13 16 21 23 | 23.0
Dodging        | 3 4 5 6 8 10 | 10.0
Evocations     | 4 5 6 8 12 | 12.0
Fighting       | 2 4 6 8 10 | 10.0
Short Blades   | 1 3 4 8 |  8.0
Throwing       | 2 |  2.0
Shields        | 5 9 12 | 12.0
Translocations | 4 6 7 8 |  8.0
Spellcasting   | 2 3 |  3.0
Maces & Flails | 3 9 10 | 10.0
Air Magic      | 3 |  3.0

Action                     |  1- 3 |  4- 6 |  7- 9 | 10-12 | 13-15 | 16-18 || total
---------------------------+-------+-------+-------+-------+-------+-------++-------
  Melee: Club              |    23 |       |       |       |       |       ||    23
         Dagger            |    30 |    77 |   341 |   145 |       |       ||   593
         Short sword       |    88 |     2 |       |       |       |       ||    90
         Punch             |       |     1 |     3 |     9 |       |       ||    13
         Quick blade       |       |       |       |   493 |  1170 |   658 ||  2321
  Throw: Dart              |    16 |       |     4 |    12 |     1 |       ||    33
   Cast: Vhi's Electric Ch |       |       |       |       |       |     1 ||     1
 Invoke: Potion Petition   |       |       |       |     1 |       |     4 ||     5
  Evoke: Wand              |     1 |     9 |    17 |    14 |    18 |     5 ||    64
         Condenser vane    |       |       |       |       |     3 |     1 ||     4
         Phial of floods   |       |       |       |       |     1 |     1 ||     2
    Use: Scroll            |       |     3 |       |    22 |    12 |     7 ||    44
         Potion            |       |       |       |       |       |     3 ||     3
   Stab: Sleeping          |     1 |     9 |    22 |    31 |    68 |    32 ||   163
         Distracted        |       |       |     3 |     8 |     8 |    15 ||    34
         Invisible         |       |       |       |     1 |     6 |    10 ||    17
         Paralysed         |       |       |       |       |     2 |       ||     2
 Armour: Fire dragon scale |    88 |    35 |   100 |    86 |   118 |       ||   427
         Leather armour    |       |       |       |       |    34 |    53 ||    87
  Dodge: Dodged            |   103 |    38 |   171 |   230 |   306 |   173 ||  1021
  Block: Buckler           |       |       |       |    26 |   126 |       ||   152
         Kite shield       |       |       |       |       |   114 |   215 ||   329

Table legend: (Time is in decaauts)
 A = Elapsed time spent in this place.
 B = Non-inter-level travel time spent in this place.
 C = Inter-level travel time spent in this place.
 D = Time resting spent in this place.
 E = Time spent auto-exploring this place.
 F = Levels seen in this place.
 G = Mean time per level.
                   A        B        C        D        E       F      G
               +--------+--------+--------+--------+--------+-----+--------+
         Total |  35193 |  33341 |   1852 |   2620 |  24403 |  30 | 1173.1 |
       Dungeon |  18870 |  17581 |   1289 |    924 |  13505 |  15 | 1258.0 |
        Temple |    187 |    164 |     23 |      0 |    155 |   1 |  187.0 |
          Lair |   8174 |   7814 |    360 |    834 |   5856 |   5 | 1634.8 |
  Orcish Mines |   2365 |   2220 |    145 |    186 |   1502 |   2 | 1182.5 |
        Depths |   3095 |   3061 |     34 |    552 |   1822 |   2 | 1547.5 |
        Bazaar |    191 |    191 |      0 |      0 |    124 |   1 |  191.0 |
         Trove |     46 |     46 |      0 |      0 |      0 |   1 |   46.0 |
         Sewer |    884 |    884 |      0 |     57 |    519 |   1 |  884.0 |
       Volcano |    628 |    628 |      0 |     35 |    463 |   1 |  628.0 |
      Gauntlet |    748 |    748 |      0 |     31 |    455 |   1 |  748.0 |
               +--------+--------+--------+--------+--------+-----+--------+

Top non-repeatable levels by time:
  Lair:2: 2497 daAuts
  Lair:5: 2118 daAuts
    D:15: 1781 daAuts
     D:9: 1695 daAuts
    D:14: 1693 daAuts
Depths:1: 1688 daAuts
     D:6: 1686 daAuts
  Lair:3: 1508 daAuts
     D:5: 1445 daAuts
   Orc:2: 1423 daAuts
Depths:2: 1407 daAuts
    D:11: 1349 daAuts
     D:8: 1330 daAuts
    D:13: 1246 daAuts
  Lair:4: 1172 daAuts
